Map: World of Sleepers LE

Players

Probe - Winner!

  • Race: Protoss Protoss
  • Spawn Location: 1:00

PengWin

  • Race: Zerg Zerg
  • Spawn Location: 7:00

VOD

Have the link to the VOD?

Description

Time

  • Played on: Sept. 6, 2019, 3:13 p.m.
  • Length: 18:01
Show
View Real Time Build Order
Export as new Build Order

Probe Protoss - Winner!

Build Orders: 1 Gate Expand, Oracle Opening, Phoenix Opening, Chargelot Immortal 

Get SALT Encoding   

  12  0:00  Probe  
  13  0:12  Probe  
  14  0:21  Pylon  
  14  0:24  Probe  
  15  0:35  Probe  
  15  0:40  Gateway  
  16  0:43  Probe  
  16  0:48  Assimilator  
  17  0:53  Probe  
  18  1:05  Probe  
  19  1:17  Probe  
  20  1:24  Nexus  
  20  1:29  Probe  
  21  1:33  Assimilator  
  21  1:41  Probe  
  21  1:43  Pylon  
  22  1:53  Probe  
  23  2:03  Cybernetics Core, Probe  
  24  2:09  Zealot  
  24  2:11  Probe  
  27  2:20  Probe  
  28  2:32  Probe x2  
  30  2:40  Stargate, Probe, Sentry  
  30  2:43  Warp Gate, Probe  
  32  2:50  Probe  
  34  2:51  Probe  
  36  3:00  Probe  
  36  3:02  Pylon  
  36  3:03  Probe  
  38  3:10  Probe  
  39  3:13  Gateway  
  39  3:15  Phoenix, Probe  
  40  3:22  Probe  
  44  3:27  Probe  
  44  3:32  Pylon  
  44  3:33  Robotics Facility  
  44  3:34  Probe  
  44  3:39  Probe  
  44  3:40  Oracle  
  46  3:45  Assimilator  
  46  3:47  Probe  
  50  3:51  Probe  
  50  3:53  Pylon  
  51  3:59  Probe  
  51  4:00  Pylon  
  52  4:03  Probe  
  52  4:05  Assimilator  
  53  4:11  Probe  
  53  4:13  Oracle  
  53  4:15  Probe  
  55  4:22  Immortal  
  55  4:23  Probe  
  59  4:27  Probe  
  64  4:37  Gateway  
  64  4:39  Gateway  
  64  4:41  Forge  
  64  4:50  Phoenix  
  66  4:56  Immortal  
  70  5:09  Twilight Council  
  70  5:10  Zealot, Sentry  
  70  5:11  Gateway  
  70  5:12  Gateway, Pylon  
  74  5:22  Protoss Ground Weapons Level 1  
  74  5:25  Pylon  
  74  5:31  Shield Battery  
  74  5:32  Sentry  
  74  5:33  Sentry  
  74  5:35  Shield Battery  
  78  5:36  Shield Battery  
  78  5:48  Stalker  
  80  5:51  Stalker  
  80  5:52  Immortal  
  80  6:01  Cybernetics Core  
  80  6:04  Gateway  
  84  6:06  Gateway, Zealot x2  
  84  6:07  Zealot  
  90  6:18  Charge  
  90  6:21  Zealot x2  
  90  6:23  Immortal  
  94  6:37  Templar Archives  
  94  6:45  Gateway  
  94  6:57  Psionic Storm  
  94  7:00  Pylon  
  94  7:02  Pylon  
  94  7:03  Nexus  
  94  7:04  Pylon  
  94  7:06  Pylon  
  94  7:18  Warp Prism  
  94  7:20  Pylon, High Templar x2  
  100  7:30  Probe  
  100  7:31  Pylon, Probe  
  100  7:33  High Templar  
  100  7:36  Zealot x2  
  108  7:44  High Templar  
  110  7:55  Shield Battery  
  110  7:57  Shield Battery  
  114  7:58  Immortal  
  114  8:01  Zealot  
  114  8:02  Zealot x2  
  118  8:15  Zealot  
  118  8:16  Zealot x3  
  126  8:20  Phoenix  
  118  8:40  Stalker x4  
  118  8:41  Stalker  
  116  8:50  Stalker  
  116  8:51  Stalker x2  
  116  8:55  Phoenix  
  121  9:13  Phoenix  
  121  9:19  Stargate, Zealot x3  
  121  9:20  Zealot  
  113  9:29  Phoenix  
  101  9:32  Probe  
  101  9:35  Probe  
  95  9:42  Probe  
  95  9:43  Probe  
  87  9:46  Probe, Assimilator x2  
  87  9:50  Probe  
  76  9:53  Phoenix  
  76  9:56  Phoenix  
  76  9:58  Stargate  
  65  10:02  Photon Cannon  
  65  10:06  Probe x2  
  69  10:08  Photon Cannon x2  
  69  10:17  Zealot  
  69  10:20  Zealot x2  
  79  10:24  Zealot  
  81  10:29  Zealot x2  
  81  10:36  Zealot  
  75  10:44  Zealot x4  
  75  10:46  Phoenix  
  83  10:59  Pylon  
  83  11:02  Phoenix  
  83  11:07  High Templar x3  
  83  11:08  High Templar  
  89  11:11  Archon  
  85  11:20  Phoenix  
  85  11:24  Probe x3  
  87  11:26  Cybernetics Core  
  87  11:30  Pylon  
  83  11:35  Phoenix  
  83  11:38  Zealot  
  83  11:39  Zealot x3  
  87  11:41  Probe x2  
  87  11:45  Probe  
  81  11:55  Probe  
  81  11:57  Zealot  
  81  12:00  Probe x2  
  82  12:07  Probe  
  80  12:12  Probe x2  
  77  12:19  Probe  
  75  12:23  Pylon  
  75  12:24  Probe  
  75  12:25  Probe  
  69  12:30  Probe  
  69  12:33  Twilight Council  
  69  12:34  Probe  
  69  12:35  Probe  
  67  12:38  Probe  
  67  12:42  Probe  
  69  12:46  Zealot, Probe  
  71  12:51  Probe  
  71  12:54  Probe  
  71  12:56  Probe  
  72  13:03  Probe  
  72  13:05  Sentry x3  
  77  13:06  Probe  
  77  13:11  Probe  
  75  13:17  Immortal  
  75  13:20  Templar Archives  
  75  13:25  Phoenix  
  75  13:28  Zealot  
  75  13:29  Zealot  
  75  13:31  Phoenix  
  87  13:43  Probe x2  
  87  13:47  Probe  
  87  13:48  Phoenix  
  90  13:54  Phoenix  
  92  13:55  Probe  
  92  13:58  High Templar  
  92  13:59  High Templar x3  
  103  14:05  Zealot x2  
  105  14:20  High Templar  
  107  14:26  Zealot, High Templar  
  111  14:31  Archon  
  111  14:34  Zealot x4  
  111  14:36  Immortal  
  121  15:02  High Templar x4  
  121  15:06  Phoenix  
  131  15:08  Observer  
  131  15:10  Archon x2  
  131  15:12  Nexus  
  131  15:14  Zealot x3  
  136  15:22  Pylon  
  136  15:23  Phoenix x2  
  136  15:26  Warp Prism  
  140  15:38  Pylon  
  140  15:39  Pylon  
  140  15:41  Pylon  
  140  15:58  High Templar x4  
  140  16:02  Phoenix  
  139  16:15  Zealot x4  
  140  16:19  Phoenix  
  140  16:25  Phoenix  
  127  16:34  Zealot x3  
  127  16:39  Zealot, Archon  
  123  16:40  Zealot x2  
  123  16:46  Phoenix  
  111  16:56  Phoenix  
  111  17:01  Stalker x4  
  121  17:11  Phoenix  
  119  17:21  Phoenix  
Show
View Real Time Build Order
Export as new Build Order

PengWin Zerg 

Build Orders: Hatch First 

Get SALT Encoding   

  12  0:01  Drone  
  13  0:12  Overlord  
  13  0:16  Drone  
  14  0:30  Drone x2  
  16  0:49  Hatchery  
  15  0:52  Drone  
  15  0:54  Drone  
  17  1:02  Extractor  
  16  1:09  Spawning Pool  
  15  1:12  Drone  
  15  1:16  Drone  
  17  1:19  Drone  
  18  1:29  Drone  
  19  1:38  Overlord  
  19  1:52  Drone  
  20  1:56  Queen  
  20  2:00  Zergling x2  
  20  2:01  Queen  
  23  2:04  Metabolic Boost  
  23  2:08  Drone  
  26  2:13  Drone  
  26  2:14  Drone  
  28  2:21  Drone  
  29  2:28  Drone  
  30  2:35  Drone x2  
  32  2:39  Queen  
  32  2:42  Lair  
  34  2:46  Drone x2  
  36  2:53  Overlord  
  36  3:12  Drone x8  
  44  3:16  Extractor  
  44  3:17  Extractor  
  42  3:23  Drone  
  42  3:26  Overlord  
  42  3:27  Overlord  
  43  3:40  Hydralisk Den, Drone  
  43  3:43  Drone  
  43  3:45  Drone x4  
  43  3:46  Drone x2  
  50  3:53  Spore Crawler  
  50  3:54  Extractor  
  48  3:55  Spore Crawler  
  48  3:59  Drone x2  
  48  4:00  Drone  
  50  4:14  Grooved Spines  
  50  4:15  Overlord x3  
  50  4:31  Baneling Nest  
  50  4:38  Hydralisk x6  
  49  4:44  Hydralisk x3  
  67  4:54  Hatchery  
  66  5:02  Zergling x8  
  70  5:11  Zergling x4  
  72  5:14  Overlord  
  72  5:29  Spire  
  72  5:30  Overlord x2  
  72  5:31  Overlord  
  72  5:33  Baneling x6  
  72  5:34  Baneling  
  72  5:35  Baneling x2  
  71  5:59  Drone x12  
  83  6:07  Zergling x2  
  83  6:08  Zergling x4  
  83  6:09  Extractor  
  84  6:14  Extractor  
  74  6:40  Spore Crawler, Hydralisk x9  
  74  6:44  Zerg Flyer Weapons Level 1  
  91  6:54  Overlord x2  
  91  6:55  Drone x3  
  94  7:07  Overlord, Drone x4  
  94  7:08  Overlord  
  97  7:41  Mutalisk  
  97  7:42  Mutalisk x9  
  117  7:45  Drone x2  
  117  7:46  Drone  
  117  7:59  Drone x5  
  117  8:04  Overlord x3  
  121  8:17  Hatchery  
  120  8:23  Mutalisk x2  
  120  8:24  Mutalisk x2  
  109  8:35  Mutalisk  
  109  8:36  Mutalisk x5  
  106  8:52  Mutalisk x4  
  112  8:59  Zergling x2  
  112  9:00  Zergling x20  
  123  9:13  Mutalisk x3  
  123  9:14  Zergling x2  
  123  9:15  Zergling x8  
  115  9:31  Mutalisk x3  
  97  9:40  Zergling x2  
  97  9:41  Zergling x12  
  99  9:50  Mutalisk x2  
  99  9:51  Queen  
  104  10:12  Mutalisk  
  106  10:22  Hatchery  
  105  10:29  Unknown  
  99  10:38  Zergling x2  
  99  10:39  Zergling x28  
  100  11:16  Hydralisk x9  
  100  11:18  Muscular Augments  
  115  11:26  Spire  
  74  11:55  Hydralisk x7  
  74  11:56  Hydralisk x7  
  93  12:06  Hydralisk x2  
  77  12:34  Spawning Pool  
  68  12:43  Hydralisk x6  
  67  13:16  Drone x8  
  76  13:27  Drone x3  
  78  13:35  Spore Crawler  
  78  13:37  Zergling x6  
  80  13:43  Drone  
  80  13:44  Drone x2  
  80  13:47  Zergling x2  
  84  14:02  Drone x2  
  86  14:03  Drone x8  
  93  14:38  Drone x3, Queen  
  96  14:44  Spore Crawler  
  92  15:06  Drone x2  
  93  15:35  Overlord x3  
  93  15:37  Mutalisk x17  
  117  15:52  Mutalisk  
  117  15:55  Mutalisk x2  
  117  15:56  Mutalisk  
  97  16:32  Hatchery  
  73  16:56  Drone x5  
Tags
 
Add a new tag
Caveats
  • Supply blocks, unpowered buildings, or Contaminate may cause inaccurate times.
  • Supply counts are checked every 10 seconds.